| TOP OF THE 1ST |
|
New Orleans Zephyrs batting - Pitching for Sacramento River Cats : RHP Tim Welshman
|
|
Pitching: RHP Tim Welshman
|
|
|
Batting: RHB Boof Howell
|
0-0: Ball 1-0: Foul Ball, location: 2F 1-1: Ball 2-1: Foul Ball, location: 2F 2-2: Foul Ball, location: 2F 2-2: Ball 3-2: SINGLE (Groundball, 56D, EV 110.6 MPH)
|
|
Batting: LHB David Doge
|
0-0: Ball Boof Howell is caught stealing 2nd base 2-6 1-0: Ball 2-0: Called Strike 2-1: Called Strike 2-2: Ground out 4-3 (Groundball, 4, EV 85.0 MPH)
|
|
Batting: LHB Jose Bregaro
|
0-0: Called Strike 0-1: Ball 1-1: Ball 2-1: Ball 3-1: Base on Balls
|
|
Batting: RHB Akira Suzuki
|
0-0: Ball Jose Bregaro steals 2nd base (no throw) 1-0: Swinging Strike 1-1: Ball 2-1: SINGLE (Groundball, 5S, EV 73.1 MPH) (infield hit) Jose Bregaro to third
|
|
Batting: LHB Carlos Mosqueda
|
0-0: Called Strike 0-1: Ball 1-1: Ball 2-1: Foul Ball, location: 2F 2-2: Foul Ball, location: 2F 2-2: Ground out U3 (Groundball, 3, EV 86.2 MPH)
|
| Top of the 1st over - 0 runs, 2 hits, 0 errors, 2 left on base; New Orleans 0 - Sacramento 0 |
| BOTTOM OF THE 1ST |
|
Sacramento River Cats batting - Pitching for New Orleans Zephyrs : LHP Jeff Tavella
|
|
Pitching: LHP Jeff Tavella
|
|
|
Batting: RHB Bill Defazio
|
0-0: Ball 1-0: Called Strike 1-1: Ball 2-1: Foul Ball, location: 2F 2-2: Ground out 6-3 (Groundball, 6, EV 85.0 MPH)
|
|
Batting: RHB Laroya Foronda
|
0-0: Fly out, F9 (Flyball, 89M, EV 86.2 MPH)
|
|
Batting: RHB Lucan Esini
|
0-0: Fly out, F8 (Flyball, 8RD, EV 78.8 MPH)
|
| Bottom of the 1st over - 0 runs, 0 hits, 0 errors, 0 left on base; New Orleans 0 - Sacramento 0 |
| TOP OF THE 2ND |
|
New Orleans Zephyrs batting - Pitching for Sacramento River Cats : RHP Tim Welshman
|
|
Batting: RHB Torquato Obawole
|
0-0: Ground out 4-3 (Groundball, 4, EV 90.0 MPH)
|
|
Batting: RHB Gavin Helton
|
0-0: Ball 1-0: Called Strike 1-1: Called Strike 1-2: Ball 2-2: Ball 3-2: Ground out 5-3 (Groundball, 56, EV 85.6 MPH)
|
|
Batting: RHB Ryuki Ogasawara
|
0-0: Called Strike 0-1: Fly out, F4 (Popup, 4S, EV 73.1 MPH)
|
| Top of the 2nd over - 0 runs, 0 hits, 0 errors, 0 left on base; New Orleans 0 - Sacramento 0 |
| BOTTOM OF THE 2ND |
|
Sacramento River Cats batting - Pitching for New Orleans Zephyrs : LHP Jeff Tavella
|
|
Batting: LHB Ryan Braden
|
0-0: Ball 1-0: Swinging Strike 1-1: TRIPLE (Flyball, 78XD, EV 100.6 MPH)
|
|
Batting: RHB Hugo Zacarias
|
0-0: Called Strike 0-1: Swinging Strike 0-2: Ball 1-2: Fly out, F8 (Line Drive, 8RD, EV 111.9 MPH) Runner from 3rd tags up, SCORES, no throw by CF
|
|
Batting: LHB Willie Ceniceros
|
0-0: Ball 1-0: Called Strike 1-1: Fly out, F8 (Flyball, 8LD, EV 101.9 MPH)
|
|
Batting: RHB Matt Fenimore
|
0-0: Called Strike 0-1: Ball 1-1: Ball 2-1: Ball 3-1: Called Strike 3-2: SINGLE (Groundball, 6MD, EV 109.4 MPH)
|
|
Batting: LHB Cesar Arteaga
|
0-0: Ball 1-0: Called Strike 1-1: Ball 2-1: Swinging Strike 2-2: Ball 3-2: Strikes out looking
|
| Bottom of the 2nd over - 1 run, 2 hits, 0 errors, 1 left on base; New Orleans 0 - Sacramento 1 |
| TOP OF THE 3RD |
|
New Orleans Zephyrs batting - Pitching for Sacramento River Cats : RHP Tim Welshman
|
|
Batting: RHB John Jackson
|
0-0: Called Strike 0-1: Ball 1-1: Ground out 6-3 (Groundball, 6MS, EV 85.0 MPH)
|
|
Batting: RHB Boof Howell
|
0-0: Ball 1-0: Ball 2-0: Called Strike 2-1: Ball 3-1: Swinging Strike 3-2: Foul Ball, location: 2F 3-2: Strikes out swinging
|
|
Batting: LHB David Doge
|
0-0: Called Strike 0-1: Foul Ball, location: 2F 0-2: Strikes out swinging
|
| Top of the 3rd over - 0 runs, 0 hits, 0 errors, 0 left on base; New Orleans 0 - Sacramento 1 |
| BOTTOM OF THE 3RD |
|
Sacramento River Cats batting - Pitching for New Orleans Zephyrs : LHP Jeff Tavella
|
|
Batting: RHB Jack Toole
|
0-0: Foul Ball, location: 2F 0-1: Fly out, F8 (Flyball, 8LD, EV 94.4 MPH)
|
|
Batting: RHB Bill Defazio
|
0-0: Ball 1-0: Foul Ball, location: 2F 1-1: Foul Ball, location: 2F 1-2: Ball 2-2: Foul Ball, location: 2F 2-2: Ground out 5-3 (Groundball, 5, EV 88.8 MPH)
|
|
Batting: RHB Laroya Foronda
|
0-0: Called Strike 0-1: Ball 1-1: Swinging Strike 1-2: Strikes out swinging
|
| Bottom of the 3rd over - 0 runs, 0 hits, 0 errors, 0 left on base; New Orleans 0 - Sacramento 1 |
| TOP OF THE 4TH |
|
New Orleans Zephyrs batting - Pitching for Sacramento River Cats : RHP Tim Welshman
|
|
Batting: LHB Jose Bregaro
|
0-0: Ball 1-0: Ball 2-0: Ball 3-0: Called Strike 3-1: Base on Balls
|
|
Batting: RHB Akira Suzuki
|
0-0: Called Strike 0-1: Ball 1-1: Called Strike 1-2: Ball 2-2: Fly out, F8 (Line Drive, 8RD, EV 106.2 MPH)
|
|
Batting: LHB Carlos Mosqueda
|
0-0: Called Strike 0-1: Foul Ball, location: 2F 0-2: Ball Jose Bregaro steals 2nd base 1-2: Ball 2-2: Ball 3-2: Strikes out looking
|
|
Batting: RHB Torquato Obawole
|
0-0: Fly out, F8 (Flyball, 8LM, EV 85.6 MPH)
|
| Top of the 4th over - 0 runs, 0 hits, 0 errors, 1 left on base; New Orleans 0 - Sacramento 1 |
| BOTTOM OF THE 4TH |
|
Sacramento River Cats batting - Pitching for New Orleans Zephyrs : LHP Jeff Tavella
|
|
Batting: RHB Lucan Esini
|
0-0: Ground out 2-3 (Groundball, 15S, EV 69.4 MPH)
|
|
Batting: LHB Ryan Braden
|
0-0: Ball 1-0: Ball 2-0: Called Strike 2-1: Ball 3-1: Base on Balls
|
|
Batting: RHB Hugo Zacarias
|
0-0: Swinging Strike 0-1: Ball 1-1: Grounds into double play, 4-6-3 (Groundball, 4M, EV 88.1 MPH)
|
| Bottom of the 4th over - 0 runs, 0 hits, 0 errors, 0 left on base; New Orleans 0 - Sacramento 1 |
| TOP OF THE 5TH |
|
New Orleans Zephyrs batting - Pitching for Sacramento River Cats : RHP Tim Welshman
|
|
Batting: RHB Gavin Helton
|
0-0: Ball 1-0: Ground out 6-3 (Groundball, 6M, EV 109.4 MPH)
|
|
Batting: RHB Ryuki Ogasawara
|
0-0: Called Strike 0-1: Called Strike 0-2: Ball 1-2: Strikes out swinging
|
|
Batting: RHB John Jackson
|
0-0: Called Strike 0-1: Ground out 6-3 (Groundball, 6MS, EV 70.0 MPH)
|
| Top of the 5th over - 0 runs, 0 hits, 0 errors, 0 left on base; New Orleans 0 - Sacramento 1 |
| BOTTOM OF THE 5TH |
|
Sacramento River Cats batting - Pitching for New Orleans Zephyrs : LHP Jeff Tavella
|
|
Batting: LHB Willie Ceniceros
|
0-0: Foul Ball, location: 2F 0-1: Ball 1-1: Ground out 6-3 (Groundball, 4, EV 87.5 MPH)
|
|
Batting: RHB Matt Fenimore
|
0-0: Called Strike 0-1: Foul Ball, location: 2F 0-2: Ball 1-2: Strikes out swinging
|
|
Batting: LHB Cesar Arteaga
|
0-0: Ball 1-0: Foul Ball, location: 2F 1-1: Ground out 4-3 (Groundball, 4, EV 105.0 MPH)
|
| Bottom of the 5th over - 0 runs, 0 hits, 0 errors, 0 left on base; New Orleans 0 - Sacramento 1 |
| TOP OF THE 6TH |
|
New Orleans Zephyrs batting - Pitching for Sacramento River Cats : RHP Tim Welshman
|
|
Batting: RHB Boof Howell
|
0-0: Foul Ball, location: 2F 0-1: Foul Ball, location: 2F 0-2: Ball 1-2: Foul Ball, location: 2F 1-2: Strikes out swinging
|
|
Batting: LHB David Doge
|
0-0: Called Strike 0-1: SOLO HOME RUN (Line Drive, 89XD, EV 108.8 MPH), Distance : 442 ft
|
|
Batting: LHB Jose Bregaro
|
0-0: Ball 1-0: Ball 2-0: Called Strike 2-1: Foul Ball, location: 2F 2-2: Ball 3-2: Foul Ball, location: 2F 3-2: Foul Ball, location: 2F 3-2: Foul Ball, location: 2F 3-2: Base on Balls
|
|
Batting: RHB Akira Suzuki
|
0-0: Foul Ball, location: 2F 0-1: Swinging Strike 0-2: Ball 1-2: Strikes out swinging
|
|
Batting: LHB Carlos Mosqueda
|
0-0: Called Strike 0-1: Called Strike Jose Bregaro steals 2nd base 0-2: Strikes out looking
|
| Top of the 6th over - 1 run, 1 hit, 0 errors, 1 left on base; New Orleans 1 - Sacramento 1 |
| BOTTOM OF THE 6TH |
|
Sacramento River Cats batting - Pitching for New Orleans Zephyrs : LHP Jeff Tavella
|
|
Batting: RHB Jack Toole
|
0-0: Ball 1-0: Called Strike 1-1: Foul Ball, location: 2F 1-2: Ball 2-2: Foul Ball, location: 2F 2-2: Fly out, F7 (Line Drive, 78M, EV 97.5 MPH)
|
|
Batting: RHB Bill Defazio
|
0-0: Swinging Strike 0-1: Swinging Strike 0-2: Ball 1-2: Foul Ball, location: 2F 1-2: Strikes out swinging
|
|
Batting: RHB Laroya Foronda
|
0-0: Ball 1-0: TRIPLE (Line Drive, 8LXD, EV 97.5 MPH)
|
|
Batting: RHB Lucan Esini
|
0-0: Called Strike 0-1: Called Strike 0-2: Strikes out swinging
|
| Bottom of the 6th over - 0 runs, 1 hit, 0 errors, 1 left on base; New Orleans 1 - Sacramento 1 |
| TOP OF THE 7TH |
|
New Orleans Zephyrs batting - Pitching for Sacramento River Cats : RHP Tim Welshman
|
|
Batting: RHB Torquato Obawole
|
0-0: Ball 1-0: Ball 2-0: Foul Ball, location: 2F 2-1: Ball 3-1: Fly out, F7 (Flyball, 78M, EV 90.6 MPH)
|
|
Pitching: LHP Chris Morales
|
|
|
Batting: RHB Gavin Helton
|
0-0: Ball 1-0: Ball 2-0: Fly out, F8 (Flyball, 78S, EV 77.5 MPH)
|
|
Batting: RHB Ryuki Ogasawara
|
0-0: Ball 1-0: Ball 2-0: Called Strike 2-1: Ball 3-1: DOUBLE (Line Drive, 89XD, EV 108.1 MPH)
|
|
Batting: RHB John Jackson
|
0-0: Ball 1-0: Foul Ball, location: 2F 1-1: Foul Ball, location: 2F 1-2: Ball 2-2: Foul Ball, location: 2F 2-2: DOUBLE (Line Drive, 78XD, EV 103.1 MPH) Ryuki Ogasawara scores
|
|
Batting: RHB Boof Howell
|
0-0: Ball 1-0: Ball 2-0: Ball 3-0: Called Strike 3-1: Base on Balls
|
|
Batting: LHB David Doge
|
0-0: Ball 1-0: Fly out, F8 (Line Drive, 8RM, EV 95.0 MPH)
|
| Top of the 7th over - 1 run, 2 hits, 0 errors, 2 left on base; New Orleans 2 - Sacramento 1 |
| BOTTOM OF THE 7TH |
|
Sacramento River Cats batting - Pitching for New Orleans Zephyrs : LHP Jeff Tavella
|
|
Batting: LHB Ryan Braden
|
0-0: Foul Ball, location: 2F 0-1: Ball 1-1: Ball 2-1: Swinging Strike 2-2: Fly out, F7 (Flyball, 7, EV 90.6 MPH)
|
|
Batting: RHB Hugo Zacarias
|
0-0: Swinging Strike 0-1: SINGLE (Groundball, 56D, EV 110.6 MPH)
|
|
Pinch Hitting: RHB Davey Beeson
|
0-0: Called Strike 0-1: Foul Ball, location: 2F 0-2: Foul Ball, location: 2F 0-2: Ball 1-2: Ball 2-2: Ball 3-2: Foul Ball, location: 2F 3-2: Fly out, F9 (Flyball, 9D, EV 107.5 MPH)
|
|
Batting: RHB Matt Fenimore
|
0-0: Ball 1-0: Called Strike 1-1: Swinging Strike 1-2: Foul Ball, location: 2F 1-2: Foul Ball, location: 2F 1-2: Ball 2-2: 2-RUN HOME RUN (Line Drive, 7D, EV 97.5 MPH), Distance : 396 ft
|
|
Batting: LHB Cesar Arteaga
|
0-0: Called Strike 0-1: Ball 1-1: Called Strike 1-2: Strikes out swinging
|
| Bottom of the 7th over - 2 runs, 2 hits, 0 errors, 0 left on base; New Orleans 2 - Sacramento 3 |
| TOP OF THE 8TH |
|
New Orleans Zephyrs batting - Pitching for Sacramento River Cats : LHP Chris Morales
|
|
Now at 3B: Kevin Kantor
|
|
|
Batting: LHB Jose Bregaro
|
0-0: Ball 1-0: Swinging Strike 1-1: Called Strike 1-2: Ball 2-2: Ball 3-2: Foul Ball, location: 2F 3-2: Ground out 6-3 (Groundball, 6MS, EV 80.0 MPH)
|
|
Batting: RHB Akira Suzuki
|
0-0: Ball 1-0: Foul Ball, location: 2F 1-1: Fly out, F4 (Popup, 3S, EV 86.9 MPH)
|
|
Batting: LHB Carlos Mosqueda
|
0-0: Ball 1-0: Foul Ball, location: 2F 1-1: Foul Ball, location: 2F 1-2: Ball 2-2: Ball 3-2: Base on Balls
|
|
Batting: RHB Torquato Obawole
|
0-0: Ball 1-0: Foul Ball, location: 2F 1-1: Swinging Strike 1-2: Ball 2-2: Ball 3-2: Base on Balls Carlos Mosqueda to second
|
|
Batting: RHB Gavin Helton
|
0-0: Called Strike 0-1: Ball 1-1: Ground out 3-1 (Groundball, 13, EV 93.1 MPH)
|
| Top of the 8th over - 0 runs, 0 hits, 0 errors, 2 left on base; New Orleans 2 - Sacramento 3 |
| BOTTOM OF THE 8TH |
|
Sacramento River Cats batting - Pitching for New Orleans Zephyrs : LHP Jeff Tavella
|
|
Pitching: LHP Gavrilo Brkic
|
|
|
Batting: RHB Jack Toole
|
0-0: Called Strike 0-1: Fly out, F3 (Popup, 23F, EV 80.0 MPH)
|
|
Batting: RHB Bill Defazio
|
0-0: SINGLE (Line Drive, 8RS, EV 96.2 MPH)
|
|
Batting: RHB Laroya Foronda
|
0-0: Fly out, F8 (Flyball, 78M, EV 87.5 MPH)
|
|
Batting: RHB Lucan Esini
|
0-0: Ball 1-0: Ball 2-0: Foul Ball, location: 2F 2-1: SINGLE (Line Drive, 4D, EV 95.6 MPH) Bill Defazio to second Runner from 2nd tries for 3rd, SAFE, throw by RF made to third
|
|
Batting: LHB Ryan Braden
|
0-0: Swinging Strike 0-1: Ball 1-1: Foul Ball, location: 2F 1-2: Fly out, F9 (Flyball, 89D, EV 108.8 MPH)
|
| Bottom of the 8th over - 0 runs, 2 hits, 0 errors, 2 left on base; New Orleans 2 - Sacramento 3 |
| TOP OF THE 9TH |
|
New Orleans Zephyrs batting - Pitching for Sacramento River Cats : LHP Chris Morales
|
|
Pitching: LHP Chris Moris
|
|
|
Batting: RHB Ryuki Ogasawara
|
0-0: Called Strike 0-1: Ball 1-1: Ball 2-1: Called Strike 2-2: Strikes out looking
|
|
Batting: RHB John Jackson
|
0-0: Called Strike 0-1: Called Strike 0-2: Ball 1-2: Foul Ball, location: 2F 1-2: Foul Ball, location: 2F 1-2: Ball 2-2: Strikes out swinging
|
|
Batting: RHB Boof Howell
|
0-0: Ball 1-0: Ball 2-0: Ball 3-0: Called Strike 3-1: Base on Balls
|
|
Pinch Hitting: RHB Dale Young
|
0-0: Foul Ball, location: 2F 0-1: Called Strike 0-2: Ball 1-2: Ball 2-2: Foul Ball, location: 2F 2-2: Foul Ball, location: 2F 2-2: Foul Ball, location: 2F 2-2: Foul Ball, location: 2F 2-2: Ball 3-2: Base on Balls Boof Howell to second
|
|
Pitching: RHP Cortez Laris
|
|
|
Batting: LHB Jose Bregaro
|
0-0: Called Strike 0-1: Ball 1-1: Swinging Strike 1-2: Strikes out swinging
|
| Top of the 9th over - 0 runs, 0 hits, 0 errors, 2 left on base; New Orleans 2 - Sacramento 3 |
|